 Dungeon Sprint DCSS version 0.30-a0-920-g7493c07aab (webtiles) character file.

Game seed: 9068240622118860014

656 Atreus the Cleaver (level 7, -1/74 HPs)
             Began as an Armataur Berserker on Mar 21, 2023.
             Was a Priest of Trog.
             Slain by a two-headed ogre
             ... wielding a +0 giant spiked club
              (6 damage)
             ... in the Dungeon (Sprint IX: "|||||||||||||||||||||||||||||").
             The game lasted 00:01:58 (233 turns).

Atreus the Cleaver (Armataur Berserker)              Turns: 233, Time: 00:01:58

Health: -1/74      AC: 11    Str: 27    XL:     7   Next: 29%
Magic:  7/7        EV:  8    Int: 11    God:    Trog [***...]
Gold:   0          SH:  0    Dex:  9    Spells: 6/6 levels left

rFire   . . .      SeeInvis .    p - +1 broad axe (heavy)
rCold   . . .      Faith    .    (no shield)
rNeg    . . .      Spirit   .    m - +1 scale mail
rPois   .          Reflect  .    o - +0 helmet
rElec   .          Roll     +    (no cloak)
rCorr   .          NoTele   +    n - +0 pair of gloves
Will    .....                    (no barding) Stlth
                                 (no amulet)
HPRegen 0.32/turn                k - +3 ring of strength
MPRegen 0.10/turn                l - +3 ring of intelligence

@: on berserk cooldown, slowed, very slow
A: large, rugged brown scales 3, deformed body, armoured tail, roll, long
tongue, awkward tongue
a: Renounce Religion, Berserk, Trog's Hand


You were in the Dungeon.
You worshipped Trog.
Trog was most pleased with you.
You visited 1 branch

Inventory:

Hand Weapons
 a - a +0 hand axe
 p - a +1 heavy broad axe (weapon)
Armour
 b - a +0 animal skin
 m - a +1 scale mail (worn)
 n - a +0 pair of gloves (worn)
 o - a +0 helmet (worn)
Jewellery
 k - a +3 ring of strength (left hand)
 l - a +3 ring of intelligence (right hand)
Wands
 j - a wand of acid (10)
Scrolls
 h - 2 scrolls of blinking
 q - 2 scrolls of amnesia
Potions
 c - 5 potions of curing
 d - 2 potions of heal wounds
 e - a potion of haste
 f - 4 potions of magic
 g - a potion of berserk rage
 i - a potion of invisibility


   Skills:
 + Level 9.4 Fighting
 + Level 9.6 Axes
 + Level 7.2 Armour
 - Level 1.3 Dodging
 - Level 2.2 Stealth


You had 6 spell levels left.
You didn't know any spells.
Your spell library was empty.

Dungeon Overview and Level Annotations

Branches:
Dungeon (1/1)

Altars:
Cheibriados
Dithmenos
Elyvilon
Fedhas
Gozag
Hepliaklqana
Kikubaaqudgha
Makhleb
Nemelex Xobeh
Okawaru
Qazlal
Ru
Sif Muna
Trog
Uskayaw
Vehumet
Wu Jian
Xom
Yredelemnul
Zin
The Shining One
Jiyva
Lugonu


Innate Abilities, Weirdness & Mutations

You are completely covered in rugged brown scales. (AC +3, +7% HP)
Armour fits poorly on your strangely shaped body.
You have a long armoured tail.
You roll when moving toward enemies. (Rampage)
Your long tongue fully drains potion bottles. (2x potion effects)
Your tongue gives you trouble enunciating. (1.5x scroll delay)


Message History

You tail-slap the gargoyle.
The gargoyle is almost destroyed.
The gargoyle hits you with a +0 mace!
* * * LOW HITPOINT WARNING * * *
You slash the gargoyle!
You destroy the gargoyle!
Trog accepts your kill.
Your Fighting skill increases to level 9!
Your Axes skill increases to level 9!
Your Armour skill increases to level 7!
You have reached level 7!
You feel a strong urge to attack something.
The kobold demonologist casts a cantrip, but nothing happens.
You feel your anger nearly subside.
You are no longer berserk.
You are exhausted.
You feel yourself slow down.
You feel the effects of Trog's Hand fading.
The kobold demonologist mumbles some strange words.
You feel much better.
You slurp down every last drop of the potion of heal wounds!
The crimson imp shouts, "Despond, thou wayward boil-brained slabber!"
The two-headed ogre attacks as you move away!
The two-headed ogre hits you with a +0 giant spiked club!!
The two-headed ogre hits you with a +0 giant spiked club!
Items here: ))))).
The two-headed ogre attacks as you move away!
The two-headed ogre hits you with a +0 giant spiked club! x2
* * * LOW HITPOINT WARNING * * *
The crimson imp blinks!
You carve the crimson imp like a ham!!!
You kill the crimson imp!
The crimson imp disappears in a puff of smoke!
You closely miss the two-headed ogre.
Your skin stops crawling.
You feel less strong-willed.
The two-headed ogre barely misses you. x2
The kobold demonologist gestures wildly while chanting.
The two-headed ogre hits you with a +0 giant spiked club!
* * * LOW HITPOINT WARNING * * *
The two-headed ogre hits you with a +0 giant spiked club.
You die... ▓▓▓▓▓▓▓▓▓▓▓▓▓▓▓▓▓▓▓▓▓▓▓▓▓▓▓▓▓▓▓▓ +K.cO.)'cOK3.5O@§'______________ ▓▓▓▓▓▓▓▓▓▓▓▓▓▓▓▓▓▓▓▓▓▓▓▓▓▓▓▓▓▓▓▓

You could see 2 two-headed ogres, a kobold demonologist, a smoke demon (summoned), a centaur and an iron imp (summoned).

Vanquished Creatures
  A gargoyle (D)
  A water moccasin (D)
  An ogre (D)
  2 scorpions (D)
  An iguana (D)
  A dart slug (D)
  An endoplasm (D)
  A kobold (D)
  A ball python (D)
  A bat (D)
11 creatures vanquished.

Notes
Turn   | Place    | Note
-------+----------+-------------------------------------------
     0 | D        | Atreus the Armataur Berserker began the quest for the Orb.
     0 | D        | Reached XP level 1. HP: 19/19 MP: 1/1
     9 | D        | Reached ** piety under Trog
    63 | D        | Noticed an iguana
    63 | D        | Noticed an ogre
    63 | D        | Noticed a scorpion
    63 | D        | Noticed a water moccasin
    63 | D        | Noticed a scorpion
    67 | D        | Killed a scorpion
    68 | D        | Reached skill level 5 in Fighting
    68 | D        | Reached skill level 5 in Axes
    68 | D        | Reached skill level 1 in Stealth
    68 | D        | Reached XP level 2. HP: 31/31 MP: 2/2
    68 | D        | Reached XP level 3. HP: 38/38 MP: 3/3
    69 | D        | Killed a water moccasin
    69 | D        | Reached *** piety under Trog
    70 | D        | Reached skill level 5 in Armour
    70 | D        | Reached XP level 4. HP: 48/48 MP: 4/4
    70 | D        | Reached XP level 5. HP: 54/54 MP: 5/5
    76 | D        | Killed an ogre
    77 | D        | Reached XP level 6. HP: 65/65 MP: 6/6
   130 | D        | Found a snail-covered altar of Cheibriados.
   130 | D        | Found a shadowy altar of Dithmenos.
   130 | D        | Found a white marble altar of Elyvilon.
   130 | D        | Found a blossoming altar of Fedhas.
   130 | D        | Found an opulent altar of Gozag.
   131 | D        | Found a hazy altar of Hepliaklqana.
   132 | D        | Found a viscous altar of Jiyva.
   133 | D        | Found an ancient bone altar of Kikubaaqudgha.
   134 | D        | Found a corrupted altar of Lugonu.
   135 | D        | Found a burning altar of Makhleb.
   136 | D        | Found a sparkling altar of Nemelex Xobeh.
   137 | D        | Found an iron altar of Okawaru.
   138 | D        | Found a stormy altar of Qazlal.
   139 | D        | Found a sacrificial altar of Ru.
   140 | D        | Found a shimmering blue altar of Sif Muna.
   141 | D        | Found a bloodstained altar of Trog.
   142 | D        | Found a hide-covered altar of Uskayaw.
   143 | D        | Found a radiant altar of Vehumet.
   144 | D        | Found an ornate altar of the Wu Jian Council.
   145 | D        | Found a shimmering altar of Xom.
   146 | D        | Found a basalt altar of Yredelemnul.
   147 | D        | Found a glowing silver altar of Zin.
   148 | D        | Found a glowing golden altar of the Shining One.
   216 | D        | Noticed a two-headed ogre
   216 | D        | Noticed a kobold demonologist
   216 | D        | Noticed a two-headed ogre
   216 | D        | Noticed a gargoyle
   223 | D        | Killed a gargoyle
   224 | D        | Reached XP level 7. HP: 14/74 MP: 7/7
   233 | D        | Slain by a two-headed ogre

Illustrated notes

Levels and vault maps discovered:
D:        linesprint [early_d, line_temple, items_1, d_10, items_2, lair_1,
          lair_end, items_3, orc_1, orc_end, items_4, d_15, swamp_1, shoals_1,
          snake_1, spider_1, d_20, vaults_1, items_5, swamp_end, shoals_end,
          snake_end, spider_end, vaults_end, d_27, items_6, zot_1, zot_end,
          crypt_end, forest_end, elf_end, slime_end, tomb_end, abyss_end,
          pan_hell_end]

Skill      XL: |  1  2  3  4  5  6 |
---------------+-------------------+-----
Fighting       | 5 6 7 9 |  9.4
Axes           | 5 6 8 9 |  9.6
Armour         | 3 5 7 |  7.2
Stealth        | 1 2 |  2.2
Dodging        | |  1.3

Action                     |  1- 3 |  4- 6 |  7- 9 || total
---------------------------+-------+-------+-------++-------
  Melee: Hand axe          |    13 |     9 |       ||    22
         Tailslap          |     1 |     1 |       ||     2
         Broad axe         |       |     6 |     1 ||     7
 Invoke: Berserk           |     2 |     1 |       ||     3
         Trog's Hand       |       |     1 |       ||     1
    Use: Potion            |       |       |     1 ||     1
 Armour: Animal skin       |     3 |     1 |       ||     4
  Dodge: Dodged            |     7 |     1 |     2 ||    10

Table legend: (Time is in decaauts)
 A = Elapsed time spent in this place.
 B = Non-inter-level travel time spent in this place.
 C = Inter-level travel time spent in this place.
 D = Time resting spent in this place.
 E = Time spent auto-exploring this place.
 F = Levels seen in this place.
 G = Mean time per level.
                   A        B        C        D        E       F      G
               +--------+--------+--------+--------+--------+-----+--------+
         Total |    247 |    247 |      0 |    107 |      0 |   1 |  247.0 |
       Dungeon |    247 |    247 |      0 |    107 |      0 |   1 |  247.0 |
               +--------+--------+--------+--------+--------+-----+--------+

Top non-repeatable levels by time:
       D: 247 daAuts
